 Dungeon Crawl Stone Soup version 0.27-a0-1189-gb8eb6cee8e (webtiles) character file.

Game seed: 10617395035818750583

48 Zonian the Skirmisher (level 3, -5/24 HPs)
             Began as a Gargoyle Abyssal Knight on May 22, 2021.
             Was a Believer of Lugonu.
             Slain by a gnoll
             ... wielding a +0 club
              (8 damage)
             ... on level 2 of the Dungeon.
             The game lasted 00:02:02 (1498 turns).

Zonian the Skirmisher (Gargoyle Abyssal Knight)     Turns: 1498, Time: 00:02:03

Health: -5/24      AC:  8    Str: 15    XL:     3   Next: 72%
Magic:  4/4        EV: 11    Int: 12    God:    Lugonu [**....]
Gold:   32         SH:  0    Dex: 10    Spells: 2/2 levels left

rFire    . . .     SeeInvis .   a - +1 mace
rCold    . . .     Faith    .   (no shield)
rNeg     + . .     Spirit   .   b - +0 leather armour
rPois    ∞         Reflect  .   (no helmet)
rElec    +         Harm     .   (no cloak)
rCorr    .         Rampage  .   (no gloves)
Will     .....                  d - +1 pair of boots
Stlth    +.........             (no amulet)
HPRegen  0.08/turn              (no ring)
MPRegen  0.09/turn              (no ring)

@: attractive, flying
A: sickness immunity, AC +3, negative energy resistance 1, electricity
resistance, torment resistance 1, petrification resistance
a: Renounce Religion, Depart the Abyss, Bend Space


You were on level 2 of the Dungeon.
You worshipped Lugonu.
Lugonu was pleased with you.
You visited 1 branch of the dungeon, and saw 2 of its levels.
You visited the Abyss 1 time.

You collected 32 gold pieces.

Inventory:

Hand Weapons
 a - a +1 mace (weapon)
Missiles
 h - 7 curare-tipped darts
Armour
 b - a +0 leather armour (worn)
 d - a +1 pair of boots (worn)
Scrolls
 e - 2 scrolls of identify
 f - a scroll of enchant armour


   Skills:
 + Level 4.1 Fighting
 + Level 2.6 Maces & Flails
 + Level 2.5 Armour
 + Level 1.1 Dodging
 + Level 0.5 Stealth
 + Level 2.0 Invocations


You had 2 spell levels left.
You didn't know any spells.
Your spell library was empty.

Dungeon Overview and Level Annotations

Branches:
Dungeon (2/15)

Altars:


Innate Abilities, Weirdness & Mutations

You are immune to sickness and miasma.
Your stone body is resilient. (AC +3)
You are immune to poison.
You resist negative energy. (rN+)
You are resistant to electric shocks. (rElec)
You are resistant to unholy torment.
You are immune to petrification.


Message History

You barely miss the gnoll.
The gnoll is severely wounded.
The gnoll closely misses you.
The gnoll hits you from afar with a +0 spear.
* * * LOW HITPOINT WARNING * * *
The gnoll closely misses you.
You barely miss the gnoll.
The gnoll is severely wounded.
The gnoll closely misses you. x2
Unknown command.
You hit the gnoll but do no damage.
The gnoll is severely wounded.
The gnoll hits you but does no damage. The gnoll hits you with a +0 whip.
* * * LOW HITPOINT WARNING * * *
The gnoll hits you but does no damage.
Unknown command.
You barely miss the gnoll.
The gnoll is severely wounded.
The gnoll hits you but does no damage. The gnoll barely misses you.
Unknown command.
It was a potion of flight.
You feel very buoyant.
You fly up into the air.
The gnoll barely misses you. The gnoll misses you.
It was a potion of attraction.
You feel attractive to monsters. The gnoll hits you with a +0 whip.
* * * LOW HITPOINT WARNING * * *
The gnoll hits you from afar with a +0 spear.
* * * LOW HITPOINT WARNING * * *
As you read the scroll labelled LAUROCK VOLARPH, it crumbles to dust.
It is a scroll of identify.
f - a scroll of enchant armour The gnoll barely misses you.
The gnoll misses you. The gnoll is pulled toward you!
The gnoll is pulled toward you! The gnoll is pulled toward you!
The gnoll is pulled toward you!
You see here 17 arrows.
The gnoll hits you with a +0 club!
You die...

###.###..)###
#..####...###### #.#
##..####.#.#.#.## ...
#...##.........# #..
##..###.#.#(#.## ..
#..##.........# <#
##.g##.#.#.#.###.###.
##gg................
####.@#.#>#.#.#..#####
#................#
#.....#.#.#.#.#..#
#................#####
#.........####.....†..
#....###########'#####
#....#≈≈≈≈≈≈≈≈≈≈.≈#
#....#≈....).....≈#
######≈..........≈#


You could see 3 gnolls.

Vanquished Creatures
  A gnoll (D:2)
  A worm (D:2)
  2 dart slugs
  4 endoplasms
  2 giant cockroaches
  2 goblins (D:1)
  4 hobgoblins
  4 ball pythons (D:1)
  2 bats (D:1)
  2 frilled lizards (D:1)
  3 kobolds
  3 rats
30 creatures vanquished.

Notes
Turn   | Place    | Note
-------+----------+-------------------------------------------
     0 | Abyss:1  | Zonian the Gargoyle Abyssal Knight began the quest for the
                  | Orb.
     0 | Abyss:1  | Reached XP level 1. HP: 14/14 MP: 2/2
     7 | D:1      | Escaped the Abyss
   478 | D:1      | Reached skill level 1 in Dodging
   480 | D:1      | Reached XP level 2. HP: 10/20 MP: 3/3
  1030 | D:1      | Reached ** piety under Lugonu
  1033 | D:1      | Reached XP level 3. HP: 23/24 MP: 4/4
  1096 | D:2      | Reached skill level 4 in Fighting
  1498 | D:2      | Slain by a gnoll

Illustrated notes

Levels and vault maps discovered:
D:1:      dpeg_arrival_pond, layout_basic
D:2:      cheibrodos_pilgrimage, layout_rooms,
          shapermc_ecumenical_altar_starsandcircs, st_stairs_9,
          kennysheep_small_spiral

Skill      XL: |  1  2  3 |
---------------+----------+-----
Dodging        | 1 |  1.1
Fighting       | 4 |  4.1
Maces & Flails | |  2.6
Armour         | |  2.5
Stealth        | |  0.5
Invocations    | |  2.0

Action                   || total
-------------------------++-------
Melee: Mace              ||    88
  Use: Potion            ||     2
       Scroll            ||     1
Armor: Leather armour    ||    54
Dodge: Dodged            ||    65

Table legend: (Time is in decaauts)
 A = Elapsed time spent in this place.
 B = Non-inter-level travel time spent in this place.
 C = Inter-level travel time spent in this place.
 D = Time resting spent in this place.
 E = Time spent auto-exploring this place.
 F = Levels seen in this place.
 G = Mean time per level.
                   A        B        C        D        E       F      G
               +--------+--------+--------+--------+--------+-----+--------+
         Total |   1522 |   1482 |     40 |    609 |    614 |   3 |  507.3 |
       Dungeon |   1515 |   1475 |     40 |    609 |    614 |   2 |  757.5 |
         Abyss |      7 |      7 |      0 |      0 |      0 |   1 |    7.0 |
               +--------+--------+--------+--------+--------+-----+--------+

Top non-repeatable levels by time:
     D:1: 1096 daAuts
     D:2: 419 daAuts
 Abyss:1: 7 daAuts
